 Dungeon Crawl Stone Soup version 0.31-a0-1074-g0b22e4e0f1 (webtiles) character file.

Game seed: 2805762075522377616

8151 Rennog the Grappler (level 11, -11/107 HPs)
             Began as a Troll Shapeshifter on Dec 4, 2023.
             Was an Elder of Makhleb.
             Mangled by a vampire
             ... wielding a +2 antimagic broad axe
              (15 damage)
             ... on level 9 of the Dungeon.
             The game lasted 00:17:19 (7828 turns).

Rennog the Grappler (Troll Shapeshifter)            Turns: 7828, Time: 00:17:20

Health: -11/107    AC:  2    Str: 26    XL:     11   Next: 6%
Magic:  0/10       EV:  9    Int: 10    God:    Makhleb [****..]
Gold:   658        SH:  5    Dex: 11    Spells: 10/10 levels left

rFire   . .          .
                       - Unarmed
rCold   . . .        (shield currently unavailable)
rNeg    . . .        a - +0 animal skin
rPois   .            (helmet restricted)
rElec   .            (no cloak)
rCorr   .            (gloves unavailable)
SInv    .            (boots unavailable)
Will    .....        l - amulet "Uruthot" {Reflect Int+4 SH+5}
Stlth   +            (no ring)
HPRegen 1.17/turn    (no ring)
MPRegen 0.12/turn

%: reflection
@: blade hands
A: large, unfitting armour, (claws 3), regeneration 1, shaggy fur 1, tough skin
1
a: Begin Untransformation, Renounce Religion, Minor Destruction, Lesser Servant
of Makhleb, Major Destruction


You were on level 9 of the Dungeon.
You worshipped Makhleb.
Makhleb was greatly pleased with you.
You had blades for hands.
You visited 2 branches of the dungeon, and saw 11 of its levels.
You also visited: Sewer.

You collected 1293 gold pieces.
You spent 635 gold pieces at shops.

Inventory:

Armour
 a - a +0 animal skin (worn)
Jewellery
 i - a ring of magical power
 l - the amulet "Uruthot" (around neck) {Reflect Int+4 SH+5}
   (You bought it in a shop on level 5 of the Dungeon)

   [amulet of reflection]

   Reflect:   It reflects blocked missile attacks.
   Int+4:     It affects your intelligence (+4).
   SH+5:      It affects your SH (+5).
Talismans
 c - a beast talisman
 d - a flux talisman
 v - a blade talisman (active)
Wands
 o - a wand of mindburst (23)
 w - a wand of polymorph (14)
 B - a wand of charming (8)
Scrolls
 e - 2 scrolls of vulnerability
 g - 2 scrolls of fog
 k - a scroll of identify
 n - a scroll of silence
 p - 3 scrolls of enchant armour
 r - 4 scrolls of teleportation
 s - a scroll of fear
 x - a scroll of enchant weapon
 y - a scroll of noise
Potions
 b - 2 potions of lignification
 f - 3 potions of enlightenment {unknown}
 h - 4 potions of heal wounds
 j - 4 potions of might
 m - a potion of degeneration {unknown}
 q - 3 potions of haste {unknown}
 t - a potion of magic {unknown}
 u - a potion of resistance {unknown}
 z - a potion of attraction {unknown}
 A - 2 potions of curing {unknown}


   Skills:
 + Level 6.4 Fighting
 - Level 1.5 Dodging
 * Level 11.3 Unarmed Combat
 * Level 10.5 Shapeshifting


You had 10 spell levels left.
You didn't know any spells.
Your spell library contained the following spells:

 Spells                   Type           Power      Damage    Failure   Level
 Cigotuvi's Dreadful Rot  Necr/Pois/Air  0%         N/A       50%         2
 Ensorcelled Hibernation  Hex/Ice        0%         N/A       50%         2
 Passwall                 Tmut/Erth      0%         N/A       50%         2
 Call Canine Familiar     Summ           0%         N/A       75%         3
 Ignite Poison            Fire/Tmut/Pois 0%         N/A       75%         3
 Sigil of Binding         Hex            0%         N/A       75%         3
 Swiftness                Air            0%         N/A       75%         3
 Dimensional Bullseye     Hex/Tloc       0%         N/A       98%         4
 Leda's Liquefaction      Hex/Erth       0%         N/A       98%         4
 Freezing Cloud           Conj/Ice/Air   0%         6-21      100%        5


Dungeon Overview and Level Annotations

Branches:
Dungeon (10/15)            Temple (1/1) D:4           Sewer (visited)
   Lair: D:8-11         Orc: D:9-12

Altars:
Ashenzari
Cheibriados
Dithmenos
Elyvilon
Fedhas
Gozag
Hepliaklqana
Kikubaaqudgha
Makhleb
Nemelex Xobeh
Okawaru
Qazlal
Ru
Sif Muna
Trog
Uskayaw
Vehumet
Wu Jian
Xom
Yredelemnul
The Shining One

Shops:
D:5 =(=

Portals:
Abyss: D:4

Annotations:
D:3 1 runed translucent door, Swimmer's ghost, amateur MiFi
D:4 2 transporters, backslashecho's ghost, amateur HuWr
D:5 Sigmund
D:9 1 runed translucent door, particleface's ghost, novice FeHW


Innate Abilities, Weirdness & Mutations

You have blades for hands.
You are incapable of wielding weapons or throwing items.
You are too large for most types of armour.
((You have claws for hands.))
Your natural rate of healing is unusually fast.
You are covered in fur. (AC +1)
You have tough skin. (AC +1)


Message History

You hit the vampire but do no damage.
The vampire hits you with a +2 antimagic broad axe!
You feel your power leaking away. The vampire bites you!
The vampire draws strength from your injuries!
You closely miss the vampire. You hit the vampire but do no damage.
You block the vampire's attack. The vampire bites you.
The vampire draws strength from your injuries!
You closely miss the vampire.
The vampire points at you and mumbles some strange words.
You resist with some effort.
You slash the vampire!
The vampire is moderately damaged.
The vampire casts a spell.
The vampire flickers and vanishes!
Deactivating autopickup; reactivate with Ctrl-A.
No target in view!
No target in view!
No target in view!
You slash something! Something hits you! Something bites you.
Something draws strength from your injuries!
You closely miss something. You barely miss something.
You block something's attack. Something bites you!
Something draws strength from your injuries!
You closely miss something. Your slash misses something. Something hits you!
Something bites you!
* * * LOW HITPOINT WARNING * * *
Something draws strength from your injuries!
You barely miss something. You block something's attack. Something bites you.
* * * LOW HITPOINT WARNING * * *
Something draws strength from your injuries!
Something hits you!
* * * LOW HITPOINT WARNING * * *
You feel your power leaking away. Something bites you!
* * * LOW HITPOINT WARNING * * *
Something draws strength from your injuries!
Something hits you!
You die...

.......###..........####.........
.......#............# #....(....
########.#[.####'#######.........
.#####.[.[...###....)..####'#####
.....#.[##.........###.# #...)..
####.#.#.####...####)#.#########'
.......##...#####...##.#.........
........#...........#..#.........
........#..#....@#..#..#.........
...>....##..#####..##..+.......<.
.........#..#####..#...#.........
........o#..##.....#..##.........
####.##..#..##.##..#.............
#.#..##..## #..##..#.........
#.#..#..# .#..#..########'#
#.#..# . ..#..# #.# #..u## #####
..##.# ##.#


There were no monsters in sight!

Vanquished Creatures
  A two-headed ogre (D:9)
  An ugly thing (D:9)
  A tengu conjurer (D:9)
  Grinder (D:5)
  Prince Ribbit (D:7)
  A shadow (D:9)
  6 yaks
  An unseen horror simulacrum (D:9)
  A wyvern (D:7)
  A steam dragon (D:7)
  Edmund (D:5)
  3 water moccasins
  3 ogres
  3 orc warriors
  A black bear (D:6)
  2 sky beasts (D:7)
  2 ice beasts
  5 centaurs
  4 phantoms
  3 kobold brigands
  2 gnoll sergeants
  A bullfrog (D:9)
  5 scorpions
  10 wights
  11 killer bees
  A howler monkey (D:9)
  5 hounds
  7 orc priests
  A gnoll bouda (D:9)
  Jessica (D:3)
  6 iguanas
  3 sleepcaps
  13 orc wizards
  16 gnolls
  9 adders
  2 shadow imps
  A white imp (D:6)
  3 worms
  3 dart slugs
  35 orcs
  2 bats (D:1)
  4 endoplasms
  A giant cockroach (D:1)
  7 goblins
  6 hobgoblins
  11 jackals
  17 kobolds
  9 quokkas
  6 ball pythons
  A frilled lizard (D:2)
  7 rats
248 creatures vanquished.

Vanquished Creatures (others)
  A ball python (D:1)
1 creature vanquished.

Grand Total: 249 creatures vanquished

Notes
Turn   | Place    | Note
-------+----------+-------------------------------------------
     0 | D:1      | Rennog the Troll Shapeshifter began the quest for the Orb.
     0 | D:1      | Reached XP level 1. HP: 18/18 MP: 0/0
   179 | D:1      | Reached skill level 1 in Fighting
   188 | D:1      | Reached XP level 2. HP: 27/27 MP: 1/1
   516 | D:1      | Reached XP level 3. HP: 33/33 MP: 2/2
  1061 | D:2      | Reached XP level 4. HP: 41/41 MP: 3/3
  1077 | D:2      | Reached skill level 4 in Unarmed Combat
  1247 | D:3      | You fall into a shaft and drop 2 floors!
  1247 | D:5      | Entered Level 5 of the Dungeon
  1270 | D:4      | Noticed a phantom
  1275 | D:4      | Killed a phantom
  1276 | D:4      | Reached XP level 5. HP: 46/49 MP: 4/4
  1391 | D:3      | Noticed Jessica
  1395 | D:3      | Killed Jessica
  1499 | D:3      | Found a runed translucent door.
  1503 | D:3      | Noticed Swimmer's ghost (amateur MiFi)
  1959 | D:4      | Found a transporter.
  1961 | D:4      | Found a transporter.
  1998 | D:4      | Noticed an ogre
  2094 | D:4      | Reached XP level 6. HP: 57/57 MP: 5/5
  2159 | D:5      | Found the +6 shillelagh "Devastator" {shatter}
  2166 | D:5      | Reached skill level 5 in Unarmed Combat
  2169 | D:5      | Reached skill level 5 in Shapeshifting
  2303 | D:4      | Found a staircase to the Ecumenical Temple.
  2422 | D:4      | Noticed backslashecho's ghost (amateur HuWr)
  2467 | Temple   | Entered the Ecumenical Temple
  2610 | Temple   | Became a worshipper of Makhleb the Destroyer
  2756 | D:4      | Reached XP level 7. HP: 66/66 MP: 6/6
  2909 | D:4      | Found a one-way gate to the infinite horrors of the Abyss.
  3031 | D:5      | Noticed Edmund
  3035 | D:5      | Noticed Sigmund
  3049 | D:5      | Killed Edmund
  3050 | D:5      | Reached skill level 6 in Unarmed Combat
  3172 | D:4      | Reached XP level 8. HP: 29/75 MP: 7/7
  3226 | D:5      | Reached * piety under Makhleb
  3271 | D:5      | Noticed Grinder
  3276 | D:5      | Killed Grinder
  3277 | D:5      | Reached skill level 7 in Unarmed Combat
  3397 | D:5      | Found Niatev's Antique Weapon Boutique.
  3423 | D:5      | Found Ymebramiu's Jewellery Shop.
  3460 | D:5      | Found Tappob's Jewellery Shoppe.
  3587 | D:6      | Found a glowing drain.
  3594 | Sewer    | Entered a sewer
  3812 | D:6      | Reached skill level 8 in Unarmed Combat
  3920 | D:6      | Reached XP level 9. HP: 66/85 MP: 8/8
  3976 | D:6      | Reached ** piety under Makhleb
  4563 | D:7      | Reached skill level 9 in Unarmed Combat
  4588 | D:6      | Reached skill level 5 in Fighting
  4817 | D:7      | Noticed Prince Ribbit
  4832 | D:7      | Killed Prince Ribbit
  4938 | D:7      | Reached XP level 10. HP: 96/96 MP: 9/9
  5230 | D:7      | Reached *** piety under Makhleb
  5487 | D:8      | Reached skill level 10 in Unarmed Combat
  5763 | D:8      | Noticed a two-headed ogre
  6605 | D:9      | Reached **** piety under Makhleb
  6650 | D:9      | Noticed a two-headed ogre
  6806 | D:9      | Reached skill level 10 in Shapeshifting
  6852 | D:9      | Noticed a cyan ugly thing
  6878 | D:10     | Entered Level 10 of the Dungeon
  6953 | D:10     | Identified a scroll of acquirement
  6957 | D:10     | Acquired 811 gold pieces
  6996 | D:9      | Killed a cyan ugly thing
  6997 | D:9      | Reached skill level 11 in Unarmed Combat
  7136 | D:5      | Bought the amulet "Uruthot" {Reflect Int+4 SH+5} for 635
                  | gold pieces
  7271 | D:9      | Noticed a two-headed ogre
  7311 | D:9      | Killed a two-headed ogre
  7403 | D:9      | Reached XP level 11. HP: 77/106 MP: 10/10
  7465 | D:9      | Found a runed translucent door.
  7466 | D:9      | Found a shimmering altar of Xom.
  7466 | D:9      | Noticed a +1 trident of chaos
  7466 | D:9      | Noticed particleface's ghost (novice FeHW)
  7827 | D:9      | HP: 3/107 [something (11)]
  7828 | D:9      | Mangled by a vampire

Illustrated notes

Levels and vault maps discovered:
D:1:      evilmike_arrival_hilbert_curve, layout_loops_ring
D:2:      layout_rooms
D:3:      layout_loops_corners, ebering_ghost_reflecting_pool, hex_large,
          uniq_jessica
D:4:      layout_loops_ring, minmay_temple_entry_poolview,
          gammafunk_ghost_abyssal_escape
D:5:      layout_rooms, serial_shops, shop_statue, shop,
          nicolae_shop_gibbet_a_chance, dilly_guarded_unrand_devastator,
          uniq_grinder, uniq_sigmund, uniq_edmund
D:6:      layout_cave_pools, mainiacjoe_sewer_entry_somewhere_in_here_1
D:7:      layout_loops_ring, uniq_prince_ribbit1
D:8:      layout_basic
D:9:      layout_roguey, ebering_ghost_xom, minmay_pinched_square
D:10:     nicolae_cairo_tiling_large, layout_stronghold,
          nicolae_overflow_crystal_walls
Temple:   mainiacjoe_temple_hex_bubbles

Skill      XL: |  1  2  3  4  5  6  7  8  9 10 |
---------------+-------------------------------+-----
Fighting       | 1 2 3 4 5 6 |  6.4
Unarmed Combat | 4 5 6 8 9 11 | 11.3
Shapeshifting  | 4 5 6 7 9 10 | 10.5
Dodging        | |  1.5

Action                     |  1- 3 |  4- 6 |  7- 9 | 10-12 || total
---------------------------+-------+-------+-------+-------++-------
  Melee: Unarmed           |    71 |    85 |   254 |   301 ||   711
         Punch             |     4 |     3 |     7 |     3 ||    17
    Use: Potion            |       |       |     1 |     1 ||     2
         Scroll            |       |       |       |    12 ||    12
 Armour: Animal skin       |    45 |    42 |   212 |   244 ||   543
         Skin              |       |       |    40 |     9 ||    49
  Dodge: Dodged            |    25 |    40 |   102 |   106 ||   273
  Block: Other             |       |       |       |    17 ||    17
   Form: Beast             |     1 |       |       |       ||     1
         Flux              |       |       |     1 |       ||     1
         Blade             |       |       |       |     1 ||     1

Table legend: (Time is in decaauts)
 A = Elapsed time spent in this place.
 B = Non-inter-level travel time spent in this place.
 C = Inter-level travel time spent in this place.
 D = Time resting spent in this place.
 E = Time spent auto-exploring this place.
 F = Levels seen in this place.
 G = Mean time per level.
                   A        B        C        D        E       F      G
               +--------+--------+--------+--------+--------+-----+--------+
         Total |   7731 |   6904 |    827 |    213 |   5074 |  12 |  644.2 |
       Dungeon |   7448 |   6788 |    660 |    213 |   4991 |  10 |  744.8 |
        Temple |    170 |      3 |    167 |      0 |      0 |   1 |  170.0 |
         Sewer |    112 |    112 |      0 |      0 |     83 |   1 |  112.0 |
               +--------+--------+--------+--------+--------+-----+--------+

Top non-repeatable levels by time:
     D:8: 1061 daAuts
     D:9: 1036 daAuts
     D:7: 934 daAuts
     D:4: 908 daAuts
     D:6: 902 daAuts
     D:3: 827 daAuts
     D:1: 735 daAuts
     D:5: 590 daAuts
     D:2: 345 daAuts
  Temple: 170 daAuts
   Sewer: 112 daAuts
    D:10: 107 daAuts
